 Dungeon Sprint DCSS version 0.31-a0-536-ga3e2962e35 (webtiles) character file.

Game seed: 14778378829467831942

611 Conn the Thaumaturge (level 7, -1/42 HPs)
             Began as an Octopode Fire Elementalist on Aug 13, 2023.
             Was a High Priest of Sif Muna.
             Slain by a black mamba (14 damage)
             ... in the Dungeon (Sprint VII: "The Pits").
             The game lasted 00:04:04 (814 turns).

Conn the Thaumaturge (Octopode Fire Elementalist)    Turns: 814, Time: 00:04:04

Health: -1/42      AC:  1    Str:  8    XL:     7   Next: 43%
Magic:  7/19       EV: 14    Int: 19    God:    Sif Muna [*****.]
Gold:   0          SH:  0    Dex: 12    Spells: 13/23 levels left

rFire   . . .        k - +2 dagger (elec)
rCold   . . .        (no shield)
rNeg    . . .        (helmet restricted)
rPois   .            (no amulet)
rElec   .            (no ring)
rCorr   .            (no ring)
SInv    .            (no ring)
Will    .....        (no ring)
Stlth   ++++         (no ring)
HPRegen 0.27/turn    (no ring)
MPRegen 0.16/turn    (no ring)
                     (no ring)

%: no teleportation
@: no status effects
A: almost no armour, amphibious, 8 rings, camouflage 1, gelatinous body 1,
(nimble swimmer 1), tentacles
a: Renounce Religion, Channel Magic, Forget Spell, Divine Exegesis


You were in the Dungeon.
You worshipped Sif Muna.
Sif Muna was extremely pleased with you.
You visited 1 branch

Inventory:

Hand Weapons
 g - a +2 dagger
 k - a +2 dagger of electrocution (weapon)
Scrolls
 f - a scroll of blinking
 i - 5 scrolls of amnesia
 j - a scroll of summoning
Potions
 a - 5 potions of magic
 b - 5 potions of curing
 c - 6 potions of heal wounds
 d - a potion of haste
 e - 3 potions of berserk rage
 h - a potion of invisibility


   Skills:
 + Level 0.7 Fighting
 + Level 4.2 Dodging
 + Level 5.0 Stealth
 * Level 8.8 Spellcasting
 * Level 5.6 Conjurations
 + Level 1.3 Hexes
 + Level 8.6 Fire Magic
 * Level 6.2 Invocations


You had 13 spell levels left.
You knew the following spells:

 Your Spells              Type           Power      Damage    Failure   Level
a - Foxfire               Conj/Fire      100%       2x1d9     1%          1
b - Scorch                Fire           82%        2d8       1%          2
c - Inner Flame           Hex/Fire       27%        N/A       3%          3
d - Flame Wave            Conj/Fire      35%        2d10      4%          4

Your spell library contained the following spells:

 Spells                   Type           Power      Damage    Failure   Level
 Kiss of Death            Conj/Necr      76%        2d11      2%          1
 Volatile Blastmotes      Fire/Tloc      48%        2d14      4%          3
 Necrotise                Necr           32%        1d5       9%          1
 Alistair's Intoxication  Tmut/Pois      5%         N/A       93%         5
 Borgnjor's Vile Clutch   Necr/Erth      4%         N/A       93%         5
 Eringya's Noxious Bog    Tmut/Pois      4%         4d6       100%        6


Dungeon Overview and Level Annotations

Branches:
Dungeon (1/1)

Altars:
Ashenzari
Cheibriados
Dithmenos
Elyvilon
Fedhas
Gozag
Hepliaklqana
Kikubaaqudgha
Makhleb
Nemelex Xobeh
Okawaru
Qazlal
Ru
Sif Muna
Trog
Uskayaw
Vehumet
Wu Jian
Xom
Yredelemnul
Zin
The Shining One
Jiyva
Lugonu


Innate Abilities, Weirdness & Mutations

You cannot wear most types of armour.
You are amphibious.
You can wear up to eight rings at the same time.
Your skin changes colour to match your surroundings (Stealth+).
Your rubbery body absorbs attacks. (AC +1, EV +1)
((You are camouflaged when in or above water. (Stealth+)))
You have tentacles for arms and can constrict up to eight enemies at once.


Message History

Unknown command.
You pick up Fodenum's Handbook of Gross Maleficent Ceremonies {god gift} and begin reading...
You add the spells Kiss of Death, Necrotise, Borgnjor's Vile Clutch, Alistair's Intoxication and Eringya's Noxious Bog to your library.
There is an open door here.
Things that are here:
a +0 club; an orc corpse You open the door.
A black mamba comes into view.
Casting: Scorch (safe; 1% risk of failure)
Confirm with . or Enter, or press ? or * to list all spells.
Flames lash the black mamba.
The black mamba is moderately wounded.
The black mamba's fire resistance burns away.
The black mamba barely misses you.
Unknown command.
Casting: Scorch (safe; 1% risk of failure)
Confirm with . or Enter, or press ? or * to list all spells.
Casting: Flame Wave (dangerous; 4% risk of failure)
Press: ? - help, Dir - look around, f - activate A wave of flame ripples out!
The flame wave engulfs the black mamba.
The black mamba is burned terribly!
The black mamba is heavily wounded. (Press . to intensify the flame waves.)
The black mamba closely misses you. The black mamba bites you.
A wave of flame ripples out!
The flame wave engulfs the black mamba.
The black mamba is burned terribly!
The black mamba is severely wounded.
The black mamba bites you!
You are poisoned.
The black mamba poisons you!
A wave of flame ripples out!
The flame wave engulfs the black mamba.
The black mamba is burned terribly!
The black mamba is severely wounded.
You finish channelling waves of flame.
You feel very sick. The black mamba bites you! x2
* * * LOW HITPOINT WARNING * * *
Unknown command.
You feel better. The black mamba bites you!
You die...

#.#..[)))..##.......#
#'###########.......#
#...)...# #########
#)..#...# #รท..#...#
#.##.##.#+#
#...#)..#.+
#...#)..#S#
#.......)@#
###########


You could see a black mamba (combustible).

Vanquished Creatures
  2 floating eyes (D)
  An orc warrior (D)
  Pargi (D)
  A bullfrog (D)
  2 orc priests (D)
  A gnoll bouda (D)
  An iguana (D)
  3 gnolls (D)
  A worm (D)
  3 orcs (D)
  An endoplasm (D)
  A goblin (D)
  A hobgoblin (D)
  A quokka (D)
  A bat (D)
  A frilled lizard (D)
  A rat (D)
23 creatures vanquished.

Vanquished Creatures (others)
  51 foxfires (D)
51 creatures vanquished.

Grand Total: 74 creatures vanquished

Notes
Turn   | Place    | Note
-------+----------+-------------------------------------------
     0 | D        | Conn the Octopode Fire Elementalist began the quest for the
                  | Orb.
     0 | D        | Reached XP level 1. HP: 11/11 MP: 3/3
    94 | D        | Found a bloodstained altar of Trog.
    94 | D        | Found a shimmering blue altar of Sif Muna.
    94 | D        | Found a viscous altar of Jiyva.
    94 | D        | Found a hazy altar of Hepliaklqana.
    94 | D        | Found an opulent altar of Gozag.
    95 | D        | Found a glowing golden altar of the Shining One.
    95 | D        | Found a glowing silver altar of Zin.
    95 | D        | Found a basalt altar of Yredelemnul.
    95 | D        | Found a shimmering altar of Xom.
    95 | D        | Found an ornate altar of the Wu Jian Council.
    95 | D        | Found a sacrificial altar of Ru.
    95 | D        | Found a stormy altar of Qazlal.
    95 | D        | Found an iron altar of Okawaru.
    95 | D        | Found a sparkling altar of Nemelex Xobeh.
    95 | D        | Found a burning altar of Makhleb.
    95 | D        | Found a blossoming altar of Fedhas.
    95 | D        | Found a white marble altar of Elyvilon.
    95 | D        | Found a shadowy altar of Dithmenos.
    95 | D        | Found a snail-covered altar of Cheibriados.
    96 | D        | Found a radiant altar of Vehumet.
    96 | D        | Found a corrupted altar of Lugonu.
    97 | D        | Found an ancient bone altar of Kikubaaqudgha.
    97 | D        | Found a hide-covered altar of Uskayaw.
    97 | D        | Found a broken altar of Ashenzari.
    98 | D        | Became a worshipper of Sif Muna the Loreminder
   131 | D        | Reached * piety under Sif Muna
   169 | D        | Reached XP level 2. HP: 17/17 MP: 1/5
   208 | D        | Noticed a bullfrog
   214 | D        | Killed a bullfrog
   214 | D        | Reached ** piety under Sif Muna
   215 | D        | Reached skill level 5 in Fire Magic
   215 | D        | Reached XP level 3. HP: 13/21 MP: 1/8
   215 | D        | Reached XP level 4. HP: 16/27 MP: 1/10
   297 | D        | Learned a level 2 spell: Scorch
   301 | D        | Learned a level 3 spell: Inner Flame
   306 | D        | Learned a level 4 spell: Flame Wave
   311 | D        | Noticed a floating eye
   314 | D        | Paralysed by a floating eye for 2 turns
   317 | D        | Killed a floating eye
   318 | D        | Reached skill level 5 in Spellcasting
   318 | D        | Reached XP level 5. HP: 31/31 MP: 0/13
   468 | D        | Noticed Pargi
   471 | D        | Reached *** piety under Sif Muna
   471 | D        | Killed Pargi
   472 | D        | Reached XP level 6. HP: 36/36 MP: 3/15
   591 | D        | Reached **** piety under Sif Muna
   592 | D        | Reached skill level 5 in Invocations
   635 | D        | Noticed a floating eye
   641 | D        | Paralysed by a floating eye for 4 turns
   650 | D        | Killed a floating eye
   651 | D        | Reached skill level 5 in Conjurations
   651 | D        | Reached XP level 7. HP: 30/42 MP: 12/18
   683 | D        | Reached skill level 1 in Hexes
   684 | D        | Reached ***** piety under Sif Muna
   803 | D        | Received a gift from Sif Muna
   804 | D        | Reached skill level 5 in Stealth
   806 | D        | Got Fodenum's Handbook of Gross Maleficent Ceremonies {god
                  | gift}
   809 | D        | Noticed a black mamba
   814 | D        | Slain by a black mamba

Illustrated notes

Levels and vault maps discovered:
D:        pitsprint [storerooms_1, entrance_room_1, metal_vault_6, armoury_2,
          mini_pit_1, grid_room_1, main_hall_1, silver_pit, the_coven_1,
          the_vestibule_1, steel_vault_5, golden_pit, hallway_of_sentries,
          crystal_vault_1, iron_vault_2, final_vault]

Skill      XL: |  1  2  3  4  5  6  7 |
---------------+----------------------+-----
Stealth        | 3 4 5 |  5.0
Spellcasting   | 4 5 6 8 |  8.8
Conjurations   | 2 4 5 |  5.6
Fire Magic     | 5 6 7 8 |  8.6
Invocations    | 2 4 5 6 |  6.2
Dodging        | 3 4 |  4.2
Hexes          | 1 |  1.3
Fighting       | |  0.7

Action                     |  1- 3 |  4- 6 |  7- 9 || total
---------------------------+-------+-------+-------++-------
  Melee: Dagger            |     6 |     1 |       ||     7
         Constrict         |     2 |     1 |       ||     3
   Cast: Foxfire           |    12 |    11 |    10 ||    33
         Scorch            |       |     6 |     4 ||    10
         Inner Flame       |       |     3 |     2 ||     5
         Flame Wave        |       |       |     1 ||     1
    Use: Potion            |       |     1 |     1 ||     2
 Armour: Skin              |     1 |       |       ||     1
  Dodge: Dodged            |     6 |     3 |     2 ||    11

Table legend: (Time is in decaauts)
 A = Elapsed time spent in this place.
 B = Non-inter-level travel time spent in this place.
 C = Inter-level travel time spent in this place.
 D = Time resting spent in this place.
 E = Time spent auto-exploring this place.
 F = Levels seen in this place.
 G = Mean time per level.
                   A        B        C        D        E       F      G
               +--------+--------+--------+--------+--------+-----+--------+
         Total |    813 |    813 |      0 |    471 |      0 |   1 |  813.0 |
       Dungeon |    813 |    813 |      0 |    471 |      0 |   1 |  813.0 |
               +--------+--------+--------+--------+--------+-----+--------+

Top non-repeatable levels by time:
       D: 813 daAuts
